 Dungeon Crawl Stone Soup version 0.29.1-12-g30fa7ad0bf (webtiles) character file.

Game seed: 3939739993773611930

633 wingedge the Conjurer (level 7, -6/59 HPs)
             Began as a Demigod Conjurer on Dec 28, 2022.
             Mangled by a black bear (11 damage)
             ... on level 5 of the Dungeon.
             The game lasted 00:12:24 (4011 turns).

wingedge the Conjurer (Demigod Conjurer)            Turns: 4011, Time: 00:12:25

Health: -6/59      AC:  2    Str: 12    XL:     7   Next: 4%
Magic:  1/15       EV: 12    Int: 24    God:
Gold:   242        SH:  0    Dex: 12    Spells: 9/12 levels left

rFire   . . .      SeeInvis .   q - +0 falchion
rCold   . . .      Faith    .   (no shield)
rNeg    . . .      Spirit   .   y - +0 robe {Will+}
rPois   .          Reflect  .   (no helmet)
rElec   .          Harm     .   (no cloak)
rCorr   .          Rampage  .   (no gloves)
Will    +....                   (no boots)
Stlth   ++........              (no amulet)
HPRegen 0.19/turn               (no ring)
MPRegen 0.14/turn               (no ring)

@: no status effects
A: high MP 1, forlorn, divine attributes
a: no special abilities


You were on level 5 of the Dungeon.
You visited 1 branch of the dungeon, and saw 5 of its levels.

You collected 242 gold pieces.

Inventory:

Hand Weapons
 e - a +0 dagger of freezing
 k - a +0 sling
 q - a +0 falchion (weapon)
 x - a +2 scythe of protection
Armour
 a - a +0 robe
 i - a +0 ring mail
 w - a +1 leather armour of cold resistance
 y - a +0 robe of willpower (worn)
Jewellery
 g - a ring of fire
Wands
 u - a wand of digging (2)
Scrolls
 d - 7 scrolls of identify {unknown}
 f - a scroll of vulnerability {unknown}
 l - a scroll of immolation {unknown}
 m - 2 scrolls of silence {unknown}
 n - 2 scrolls of teleportation {unknown}
 p - 2 scrolls of amnesia {unknown}
Potions
 b - 2 potions of magic
 c - 2 potions of curing {unknown}
 h - 2 potions of heal wounds {unknown}
 o - a potion of mutation {unknown}
 r - a potion of might {unknown}
 s - 2 potions of attraction {unknown}
 t - a potion of haste {unknown}
 v - a potion of flight {unknown}


   Skills:
 - Level 4.0 Fighting
 - Level 2.0 Dodging
 - Level 2.0 Stealth
 + Level 3.3 Spellcasting
 - Level 6.0 Conjurations


You had 9 spell levels left.
You knew the following spells:

 Your Spells              Type           Power      Damage    Failure   Level
a - Magic Dart            Conj           100%       1d8       1%          1
b - Searing Ray           Conj           64%        2d6       1%          2

Your spell library contained the following spells:

 Spells                   Type           Power      Damage    Failure   Level
 Shock                    Conj/Air       72%        1d7       3%          1
 Dazzling Flash           Conj/Hex       36%        N/A       9%          3
 Apportation              Tloc           8%         N/A       11%         1
 Beastly Appendage        Tmut           8%         N/A       11%         1
 Wereblood                Tmut           4%         N/A       16%         2
 Portal Projectile        Hex/Tloc       8%         N/A       30%         3
 Spider Form              Tmut/Pois      4%         N/A       30%         3
 Swiftness                Air            4%         N/A       30%         3
 Tukima's Dance           Hex            4%         N/A       30%         3
 Fulminant Prism          Conj/Hex       9%         3d7       30%         4
 Iskenderun's Mystic Bla  Conj/Tloc      18%        2d6       30%         4
 Airstrike                Air            2%         2d(1-17)  71%         4
 Alistair's Intoxication  Tmut/Pois      2%         N/A       96%         5
 Blade Hands              Tmut           2%         N/A       96%         5


Dungeon Overview and Level Annotations

Branches:
Dungeon (4/15)
 Temple: D:4-7


Innate Abilities, Weirdness & Mutations

You have an increased reservoir of magic. (+10% MP)
You shall have no god before yourself.
Your divine heritage dramatically boosts your attributes as you level up.


Message History

The orc hits you with a +0 mace.
Unknown command.
The searing ray hits the black bear!
The black bear is severely wounded.
The black bear bites you. The black bear completely misses you.
The black bear claws you.
* * * LOW HITPOINT WARNING * * *
The orc wizard closely misses you. The orc barely misses you.
Unknown command.
Unknown command.
You hit the black bear but do no damage.
The black bear is almost dead.
The orc wizard barely misses you. The orc barely misses you.
The black bear shakes off its lethargy.
The black bear goes berserk!
Unknown command.
Unknown command.
You hit the black bear but do no damage.
The black bear is almost dead.
The black bear bites you.
* * * LOW HITPOINT WARNING * * *
The black bear barely misses you. The black bear claws you.
* * * LOW HITPOINT WARNING * * *
The orc wizard misses you. The orc closely misses you.
The black bear misses you. The black bear barely misses you.
The black bear closely misses you.
Unknown command.
Unknown command.
Unknown command.
Unknown command.
Casting: Searing Ray (safe; 1% risk of failure)
Confirm with . or Enter, or press ? or * to list all spells.
You don't know that spell.
Unknown command.
Unknown command.
Unknown command.
Unknown command.
You hit the black bear.
The black bear is almost dead.
The black bear bites you!
You die...

### .# ..# .##.###
..#... ....# ## #..#
..## ##o.######
...#@oo.....##
#####.#h#...##..#
........###.....##
####....o######o.##
#..........).)#...### #
#.#######.###.....).#...
. #...###.#.#...).
###..##.)...o...
#.####.###...


You could see a black bear (berserk, poisoned), an orc wizard and 3 orcs.

Vanquished Creatures
  Sigmund (D:4)
  A kobold brigand (D:5)
  A necrophage (D:5)
  A hound (D:4)
  Terence (D:2)
  Jessica (D:2)
  Ijyb (D:4)
  Natasha (thrice) (D:2)
  4 gnolls (D:2)
  4 adders (D:3)
  A worm (D:3)
  4 dart slugs
  4 orcs
  5 ball pythons
  6 endoplasms
  3 giant cockroaches
  9 goblins
  8 hobgoblins
  3 quokkas
  5 bats
  3 frilled lizards
  13 kobolds
  6 rats
88 creatures vanquished.

Vanquished Creatures (others)
  2 fungi (D:3)
  6 plants (D:3)
8 creatures vanquished.

Grand Total: 96 creatures vanquished

Notes
Turn   | Place    | Note
-------+----------+-------------------------------------------
     0 | D:1      | wingedge the Demigod Conjurer began the quest for the Orb.
     0 | D:1      | Reached XP level 1. HP: 14/14 MP: 5/5
   245 | D:1      | Reached skill level 4 in Conjurations
   275 | D:1      | Reached XP level 2. HP: 20/20 MP: 1/7
   333 | D:1      | Learned a level 2 spell: Searing Ray
   537 | D:1      | Reached skill level 1 in Fighting
  1219 | D:2      | Reached XP level 3. HP: 28/28 MP: 6/8
  1547 | D:2      | Noticed Natasha
  1551 | D:2      | Killed Natasha
  1592 | D:2      | Noticed Natasha
  1613 | D:2      | Killed Natasha
  1614 | D:2      | Reached XP level 4. HP: 22/36 MP: 6/10
  1711 | D:2      | Noticed Natasha
  1718 | D:2      | Killed Natasha
  1996 | D:2      | Noticed Jessica
  1998 | D:2      | Killed Jessica
  2101 | D:2      | Reached XP level 5. HP: 41/41 MP: 2/12
  2226 | D:2      | Noticed Terence
  2234 | D:2      | Killed Terence
  2267 | D:2      | Reached skill level 5 in Conjurations
  3444 | D:4      | Noticed Ijyb
  3459 | D:4      | Killed Ijyb
  3681 | D:4      | Reached XP level 6. HP: 48/51 MP: 3/13
  3681 | D:4      | Noticed Sigmund
  3746 | D:4      | Killed Sigmund
  3747 | D:4      | Reached skill level 6 in Conjurations
  3856 | D:4      | You fall into a shaft and drop 1 floor!
  3856 | D:5      | Entered Level 5 of the Dungeon
  3971 | D:5      | Reached XP level 7. HP: 55/59 MP: 3/15
  4011 | D:5      | Mangled by a black bear

Illustrated notes

Levels and vault maps discovered:
D:1:      minmay_arrival_diagonal_passages, layout_basic,
          minmay_misc_feat_more_columns, st_stairs_12, minmay_split_cup_small
D:2:      layout_basic, uniq_natasha, uniq_terence, uniq_jessica
D:3:      layout_basic, shapermc_ecumenical_altar_mp_urbaneastern
D:4:      layout_cave_pods, nicolae_ru_the_path_less_chosen,
          minmay_temple_entry_enclosed_plants, minmay_shop_damaged, uniq_pikel,
          uniq_ijyb, uniq_sigmund, uniq_crazy_yiuf_cottage
D:5:      layout_rooms

Skill      XL: |  1  2  3  4  5  6 |
---------------+-------------------+-----
Conjurations   | 4 5 6 |  6.0
Spellcasting   | 2 3 |  3.3
Fighting       | 1 2 3 4 |  4.0
Dodging        | 2 |  2.0
Stealth        | 2 |  2.0

Action                   |  1- 3 |  4- 6 |  7- 9 || total
-------------------------+-------+-------+-------++-------
Melee: Dagger            |     1 |       |       ||     1
       Falchion          |       |     4 |     4 ||     8
Throw: Dart              |       |     1 |     1 ||     2
 Cast: Magic Dart        |    33 |    10 |     1 ||    44
       Searing Ray       |    18 |    41 |     2 ||    61
Armor: Robe              |     4 |       |     1 ||     5
       Ring mail         |     1 |     3 |       ||     4
Dodge: Dodged            |     9 |    17 |    13 ||    39
